Map: Dusty Gorge

Players

TitanT

  • Race: Protoss Protoss
  • League: Gold
  • Spawn Location: 3:00

nex

  • Race: Zerg Zerg
  • League: Diamond
  • Spawn Location: 5:00

Massa - Winner!

  • Race: Terran Terran
  • League: Gold
  • Spawn Location: 9:00

qqq - Winner!

  • Race: Protoss Protoss
  • League: Platinum
  • Spawn Location: 11:00

VOD

Have the link to the VOD?

Description

Time

  • Played on: June 5, 2020, 12:28 p.m.
  • Length: 4:22
Show
View Real Time Build Order
Export as new Build Order

TitanT Protoss 

Build Orders:  

Get SALT Encoding   

  12  0:01  Probe  
  13  0:13  Probe  
  14  0:23  Pylon  
  14  0:25  Probe  
  15  0:41  Probe  
  16  0:47  Gateway  
  16  0:53  Probe  
  16  0:55  Pylon  
  17  1:27  Probe  
  18  1:37  Cybernetics Core  
  18  1:52  Probe (Chrono Boost)  
  19  1:57  Assimilator  
  19  2:02  Assimilator  
  19  2:04  Probe (Chrono Boost)  
  20  2:12  Probe (Chrono Boost)  
  21  2:17  Zealot  
  21  2:18  Probe  
  21  2:39  Shield Battery  
  21  3:06  Probe (Chrono Boost)  
  22  3:16  Probe (Chrono Boost), Stalker (Chrono Boost)  
  25  3:21  Probe (Chrono Boost)  
  26  3:27  Nexus  
Show
View Real Time Build Order
Export as new Build Order

nex Zerg 

Build Orders: Hatch First 

Get SALT Encoding   

  12  0:01  Drone  
  13  0:14  Drone  
  13  0:18  Overlord  
  14  0:36  Drone x2  
  14  0:41  Drone  
  17  0:59  Hatchery  
  17  1:03  Drone x2  
  18  1:23  Drone x2  
  20  1:31  Spawning Pool  
  20  1:32  Drone  
  20  1:33  Extractor  
  18  2:24  Zergling x2  
  18  2:25  Zergling x4  
  18  2:27  Queen  
  18  2:29  Queen  
  24  2:40  Zergling x2  
  25  2:49  Extractor  
  24  3:02  Queen  
  24  3:05  Queen  
Show
View Real Time Build Order
Export as new Build Order

Massa Terran - Winner!

Build Orders:  

Get SALT Encoding   

  12  0:02  SCV  
  13  0:18  SCV, Supply Depot  
  14  0:31  SCV  
  15  0:43  SCV  
  16  0:57  Barracks  
  16  1:00  Barracks  
  16  1:04  SCV  
  17  1:16  SCV  
  18  1:31  Supply Depot  
  18  1:32  SCV  
  19  1:36  Refinery  
  19  1:55  Marine x2  
  21  2:02  Barracks  
  21  2:05  Bunker  
  21  2:13  Marine x2  
  23  2:31  Marine x2  
  25  2:39  Barracks  
  25  2:47  SCV  
  25  2:48  Marine  
  25  2:49  Marine  
  28  3:06  Marine x2  
  27  3:24  Marine x2  
  28  3:42  Marine  
  29  3:49  Marine  
  30  4:00  Marine  
Show
View Real Time Build Order
Export as new Build Order

qqq Protoss - Winner!

Build Orders:  

Get SALT Encoding   

  12  0:02  Probe  
  13  0:16  Pylon  
  13  0:20  Probe  
  14  0:36  Forge  
  14  0:48  Pylon  
  14  1:17  Probe  
  14  1:23  Pylon  
  14  1:29  Probe, Pylon  
  15  1:41  Probe  
  15  1:44  Pylon  
  15  1:57  Photon Cannon  
  15  2:00  Pylon  
  15  2:05  Photon Cannon  
  14  2:23  Photon Cannon  
  14  2:35  Probe  
  14  2:56  Nexus  
  14  3:11  Photon Cannon  
  14  3:23  Pylon  
  14  3:29  Pylon  
  14  3:45  Gateway  
  14  3:55  Photon Cannon  
  14  4:08  Photon Cannon  
Tags
 
Add a new tag
Caveats
  • Supply blocks, unpowered buildings, or Contaminate may cause inaccurate times.
  • Supply counts are checked every 10 seconds.